BSA
ST CHARLES SHEENS @ POCATELLO BOCCABELLAS
03/22/2028
 
TOP OF THE 1ST
St Charles Sheens batting - Pitching for Pocatello Boccabellas : RHP Kevin Bush
Pitching: RHP Kevin Bush
Batting: RHB Jesús Hernández 0-0: Ball
1-0: Ball
2-0: Foul Ball, location: 2F
2-1: Ball
3-1: SINGLE (Groundball, 4D)
Batting: RHB Miguel Palácios 0-0: Swinging Strike
0-1: Ball
1-1: Called Strike
1-2: Ball
2-2: Strikes out looking
Batting: LHB Larry Howard 0-0: Swinging Strike
0-1: Ball
1-1: Swinging Strike
1-2: Ball
2-2: Strikes out swinging
Batting: LHB Marcos Cantú 0-0: Hit by Pitch
Jesús Hernández to second
Batting: RHB Max Rash 0-0: Ball
1-0: Ball
2-0: SINGLE (Line Drive, 8RS)
Jesús Hernández to third
Marcos Cantú to second
Batting: RHB Dan Tyler 0-0: Called Strike
0-1: SINGLE (Line Drive, 4M)
Jesús Hernández scores
Marcos Cantú to third
Max Rash to second
Runner from 3rd tries for Home, SAFE, no throw
Batting: RHB Júlio Figueroa 0-0: Foul Ball, location: 2F
0-1: Fly out, F7 (Flyball, 78M)
Top of the 1st over - 2 run(s), 3 hit(s), 0 error(s), 2 left on base; St Charles 2 - Pocatello 0
BOTTOM OF THE 1ST
Pocatello Boccabellas batting - Pitching for St Charles Sheens : RHP Javier Toledo
Pitching: RHP Javier Toledo
Batting: RHB Tomás Carranza 0-0: Ground out 4-3 (Groundball, 4)
Batting: RHB Francisco Sandoval 0-0: Called Strike
0-1: Called Strike
0-2: Ball
1-2: Ball
2-2: Fly out, F9 (Flyball, 9S)
Batting: RHB Jeremy Carr 0-0: Ball
1-0: Ball
2-0: Called Strike
2-1: Ball
3-1: Ground out 6-3 (Groundball, 6)
Bottom of the 1st over - 0 run(s), 0 hit(s), 0 error(s), 0 left on base; St Charles 2 - Pocatello 0
TOP OF THE 2ND
St Charles Sheens batting - Pitching for Pocatello Boccabellas : RHP Kevin Bush
Batting: LHB Jason Lambert 0-0: Called Strike
0-1: Ball
1-1: DOUBLE (Line Drive, 78D)
Batting: RHB Clint Younger 0-0: Fly out, F9 (Flyball, 9LDF)
Runner from 2nd tags up, SAFE at 3rd, no throw
Batting: RHB Jesús Hernández 0-0: SINGLE (Line Drive, 7S)
Jason Lambert scores
Batting: RHB Miguel Palácios 0-0: Ball
1-0: Swinging Strike
1-1: SINGLE (Groundball, 5S) (infield hit)
Jesús Hernández to second
Batting: LHB Larry Howard 0-0: Ball
1-0: Called Strike
1-1: Fielders Choice at 2nd, 4-6 (Groundball, 4MD)
Jesús Hernández to third
Batting: LHB Marcos Cantú 0-0: Ball
1-0: Called Strike
1-1: Ball
2-1: DOUBLE (Line Drive, 8LXD)
Jesús Hernández scores
Larry Howard to third
Batting: RHB Max Rash 0-0: Ball
1-0: Ball
2-0: Called Strike
2-1: Ball
3-1: Called Strike
3-2: Fly out, F7 (Flyball, 7D)
Top of the 2nd over - 2 run(s), 4 hit(s), 0 error(s), 2 left on base; St Charles 4 - Pocatello 0
BOTTOM OF THE 2ND
Pocatello Boccabellas batting - Pitching for St Charles Sheens : RHP Javier Toledo
Batting: RHB Marlon Phipps 0-0: Ground out 4-3 (Groundball, 4)
Batting: RHB Ernesto Acosta 0-0: Called Strike
0-1: Ball
1-1: Ball
2-1: Foul Ball, location: 2F
2-2: Ball
3-2: Foul Ball, location: 2F
3-2: Foul Ball, location: 2F
3-2: Fly out, F9 (Line Drive, 9LM)
Batting: SHB Nick Cox 0-0: Called Strike
0-1: SINGLE (Groundball, 4MD)
Batting: LHB Jim Jensen 0-0: Ball
1-0: Foul Ball, location: 2F
1-1: Ball
2-1: Ball
3-1: Base on Balls
Nick Cox to second
Batting: RHB José Delgado 0-0: Ball
1-0: Ball
2-0: Ball
3-0: Called Strike
3-1: Base on Balls
Nick Cox to third
Jim Jensen to second
Batting: LHB Héctor Rentería 0-0: Ball
1-0: Called Strike
1-1: Fielders Choice at 2nd, 6-4 (Groundball, 6)
Bottom of the 2nd over - 0 run(s), 1 hit(s), 0 error(s), 2 left on base; St Charles 4 - Pocatello 0
TOP OF THE 3RD
St Charles Sheens batting - Pitching for Pocatello Boccabellas : RHP Kevin Bush
Batting: RHB Dan Tyler 0-0: Ball
1-0: Ball
2-0: Called Strike
2-1: Called Strike
2-2: Foul Ball, location: 2F
2-2: Strikes out swinging
Batting: RHB Júlio Figueroa 0-0: Ground out 6-3 (Groundball, 56)
Batting: LHB Jason Lambert 0-0: Ball
1-0: Ball
2-0: Fly out, F2 (Popup, 13)
Top of the 3rd over - 0 run(s), 0 hit(s), 0 error(s), 0 left on base; St Charles 4 - Pocatello 0
BOTTOM OF THE 3RD
Pocatello Boccabellas batting - Pitching for St Charles Sheens : RHP Javier Toledo
Batting: RHB Tomás Carranza 0-0: Called Strike
0-1: Ball
1-1: Ball
2-1: Ball
3-1: Ground out 5-3 (Groundball, 5)
Batting: RHB Francisco Sandoval 0-0: Ball
1-0: SOLO HOME RUN (Flyball, 7LD), Distance : 351 ft
Batting: RHB Jeremy Carr 0-0: Ball
1-0: Foul Ball, location: 2F
1-1: Ball
2-1: Ball
3-1: Base on Balls
Batting: RHB Marlon Phipps 0-0: Called Strike
0-1: Fly out, F8 (Line Drive, 8RS)
Batting: RHB Ernesto Acosta 0-0: Ball
1-0: Ball
2-0: Called Strike
2-1: Foul Ball, location: 2F
2-2: Reached on error, E6 (Groundball, 6)
Jeremy Carr to second
Batting: SHB Nick Cox 0-0: Ball
1-0: Ball
2-0: Ball
3-0: Called Strike
3-1: Foul Ball, location: 2F
3-2: Base on Balls
Jeremy Carr to third
Ernesto Acosta to second
Batting: LHB Jim Jensen 0-0: Ball
1-0: Ball
2-0: Called Strike
2-1: Foul Ball, location: 2F
2-2: SINGLE (Line Drive, 34)
Jeremy Carr scores
Ernesto Acosta to third
Nick Cox to second
Runner from 3rd tries for Home, SAFE, no throw
Batting: RHB José Delgado 0-0: DOUBLE (Flyball, 78XD)
Nick Cox scores
Jim Jensen to third
Batting: LHB Héctor Rentería 0-0: Ball
1-0: Ground out 1-3 (Groundball, 15S)
Bottom of the 3rd over - 4 run(s), 3 hit(s), 1 error(s), 2 left on base; St Charles 4 - Pocatello 4
TOP OF THE 4TH
St Charles Sheens batting - Pitching for Pocatello Boccabellas : RHP Kevin Bush
Batting: RHB Clint Younger 0-0: Called Strike
0-1: Ball
1-1: Foul Ball, location: 2F
1-2: Foul Ball, location: 2F
1-2: Ball
2-2: Strikes out swinging
Batting: RHB Jesús Hernández 0-0: Called Strike
0-1: Swinging Strike
0-2: Fly out, F7 (Line Drive, 7S)
Batting: RHB Miguel Palácios 0-0: Foul Ball, location: 2F
0-1: Ball
1-1: Fly out, F9 (Flyball, 9)
Top of the 4th over - 0 run(s), 0 hit(s), 0 error(s), 0 left on base; St Charles 4 - Pocatello 4
BOTTOM OF THE 4TH
Pocatello Boccabellas batting - Pitching for St Charles Sheens : RHP Javier Toledo
Batting: RHB Tomás Carranza 0-0: Ball
1-0: Called Strike
1-1: Ball
2-1: DOUBLE (Line Drive, 7LS)
Batting: RHB Francisco Sandoval 0-0: Called Strike
0-1: Ball
1-1: Ball
2-1: Ball
3-1: Foul Ball, location: 2F
3-2: Strikes out looking
Batting: RHB Jeremy Carr 0-0: Ball
1-0: Ground out 5-3 (Groundball, 56)
Batting: RHB Marlon Phipps 0-0: Ball
1-0: Called Strike
1-1: Ball
2-1: Ball
3-1: Base on Balls
Batting: RHB Ernesto Acosta 0-0: Ball
1-0: Ball
2-0: Ball
3-0: Fly out, F4 (Popup, 34)
Bottom of the 4th over - 0 run(s), 1 hit(s), 0 error(s), 2 left on base; St Charles 4 - Pocatello 4
TOP OF THE 5TH
St Charles Sheens batting - Pitching for Pocatello Boccabellas : RHP Kevin Bush
Pitching: RHP Adrián Sandoval
Batting: LHB Larry Howard 0-0: Ball
1-0: Fly out, F6 (Popup, 56)
Batting: LHB Marcos Cantú 0-0: Foul Ball, location: 2F
0-1: Ball
1-1: Ball
2-1: Called Strike
2-2: SOLO HOME RUN (Flyball, 89XD), Distance : 413 ft
Batting: RHB Max Rash 0-0: Foul Ball, location: 2F
0-1: Fly out, F9 (Flyball, 9LM)
Batting: RHB Dan Tyler 0-0: Ball
1-0: Swinging Strike
1-1: Called Strike
1-2: Ball
2-2: Fly out, F6 (Line Drive, 6M)
Top of the 5th over - 1 run(s), 1 hit(s), 0 error(s), 0 left on base; St Charles 5 - Pocatello 4
BOTTOM OF THE 5TH
Pocatello Boccabellas batting - Pitching for St Charles Sheens : RHP Javier Toledo
Pitching: LHP Ron Cummins
Batting: SHB Nick Cox 0-0: Ball
1-0: DOUBLE (Line Drive, 89D)
Batting: LHB Jim Jensen 0-0: Ball
1-0: Called Strike
1-1: Foul Ball, location: 2F
1-2: Ball
2-2: Strikes out swinging
Batting: RHB José Delgado 0-0: Foul Ball, location: 2F
0-1: Foul Ball, location: 2F
0-2: Ball
1-2: Strikes out swinging
Batting: LHB Héctor Rentería 0-0: Ground out 4-3 (Groundball, 4)
Bottom of the 5th over - 0 run(s), 1 hit(s), 0 error(s), 1 left on base; St Charles 5 - Pocatello 4
TOP OF THE 6TH
St Charles Sheens batting - Pitching for Pocatello Boccabellas : RHP Adrián Sandoval
Batting: RHB Júlio Figueroa 0-0: Foul Ball, location: 2F
0-1: DOUBLE (Flyball, 8LXD) - OUT at third base trying to stretch hit.
Batting: LHB Jason Lambert 0-0: SINGLE (Groundball, 34D)
Batting: RHB Clint Younger 0-0: Ball
1-0: Called Strike
1-1: Called Strike
1-2: Foul Ball, location: 2F
1-2: Ball
2-2: Strikes out looking
Batting: RHB Judson Backstrom 0-0: SINGLE (Groundball, 56D)
Jason Lambert to second
Pinch Hitting: RHB Sergio Pujols 0-0: Fly out, F9 (Flyball, 9LSF)
Top of the 6th over - 0 run(s), 3 hit(s), 0 error(s), 2 left on base; St Charles 5 - Pocatello 4
BOTTOM OF THE 6TH
Pocatello Boccabellas batting - Pitching for St Charles Sheens : LHP Ron Cummins
Now at 3B: Sergio Pujols
Pinch Hitting: LHB Ray Bryant 0-0: Ball
1-0: Ball
2-0: Fly out, F7 (Flyball, 7LM)
Pinch Hitting: SHB Glenn Vadnais 0-0: Ball
1-0: Called Strike
1-1: Ball
2-1: Called Strike
2-2: Fly out, F9 (Flyball, 9S)
Pinch Hitting: RHB Enrico Rodríguez 0-0: Called Strike
0-1: Ball
1-1: Ball
2-1: Foul Ball, location: 2F
2-2: Foul Ball, location: 2F
2-2: Strikes out looking
Bottom of the 6th over - 0 run(s), 0 hit(s), 0 error(s), 0 left on base; St Charles 5 - Pocatello 4
TOP OF THE 7TH
St Charles Sheens batting - Pitching for Pocatello Boccabellas : RHP Adrián Sandoval
Pitching: LHP Mark Murchison
Now at 1B: Ray Bryant
Now at 3B: Enrico Rodríguez
Now in RF: Glenn Vadnais
Pinch Hitting: RHB Alfredo Hernández 0-0: SINGLE (Groundball, 34S) (infield hit)
Pitching: RHP Juan Álvarez
Pinch Hitting: RHB Ben Dougherty 0-0: Swinging Strike
0-1: Ball
Alfredo Hernández steals 2nd base
1-1: SINGLE (Groundball, 34D)
Alfredo Hernández to third
Pinch Hitting: LHB Kyle Harrison 0-0: Swinging Strike
0-1: Ball
1-1: SINGLE (Groundball, 4M) (infield hit)
Alfredo Hernández scores
Ben Dougherty to second
Pinch Hitting: RHB Jesús Gonzáles 0-0: Bunted foul
0-1: Sac Bunt - play at first, batter OUT! 5-4
Ben Dougherty to third
Kyle Harrison to second
Batting: RHB Júlio Figueroa 0-0: Called Strike
0-1: Ball
1-1: Called Strike
1-2: Ball
2-2: Ground out 6-3 (Groundball, 6)
Batting: LHB Jason Lambert 0-0: Ball
1-0: Called Strike
1-1: Ball
2-1: Foul Ball, location: 2F
2-2: Ball
3-2: Foul Ball, location: 2F
3-2: Ground out 6-3 (Groundball, 6MS)
Top of the 7th over - 1 run(s), 3 hit(s), 0 error(s), 2 left on base; St Charles 6 - Pocatello 4
BOTTOM OF THE 7TH
Pocatello Boccabellas batting - Pitching for St Charles Sheens : LHP Ron Cummins
Now at 1B: Jesús Gonzáles
Now at SS: Kyle Harrison
Now in LF: Alfredo Hernández
Now in RF: Ben Dougherty
Batting: RHB Tony Hernández 0-0: Ball
1-0: Ball
2-0: SINGLE (Flyball, 89S)
Pinch Hitting: RHB Orlando Bruno 0-0: Ground out 5-3 (Groundball, 6S)
Tony Hernández to second
Batting: SHB Nick Cox 0-0: Called Strike
Tony Hernández steals 3rd base
0-1: Ball
1-1: Foul Ball, location: 2F
1-2: Strikes out looking
Batting: LHB Jim Jensen 0-0: Called Strike
Steal of home, Tony Hernández is safe
0-1: Ball
1-1: Ground out 4-3 (Groundball, 4S)
Bottom of the 7th over - 1 run(s), 1 hit(s), 0 error(s), 0 left on base; St Charles 6 - Pocatello 5
TOP OF THE 8TH
St Charles Sheens batting - Pitching for Pocatello Boccabellas : RHP Juan Álvarez
Now in CF: Alfredo Farías
Batting: RHB Clint Younger 0-0: Swinging Strike
0-1: Swinging Strike
0-2: Ground out 6-3 (Groundball, 6)
Batting: RHB Judson Backstrom 0-0: Ball
1-0: Swinging Strike
1-1: Foul Ball, location: 2F
1-2: Foul Ball, location: 2F
1-2: Strikes out swinging
Batting: RHB Sergio Pujols 0-0: Swinging Strike
0-1: Ball
1-1: Called Strike
1-2: Strikes out swinging
Top of the 8th over - 0 run(s), 0 hit(s), 0 error(s), 0 left on base; St Charles 6 - Pocatello 5
BOTTOM OF THE 8TH
Pocatello Boccabellas batting - Pitching for St Charles Sheens : LHP Ron Cummins
Pinch Hitting: RHB Leonard Harris 0-0: Ball
1-0: Ball
2-0: Fly out, F6 (Line Drive, 6M)
Pinch Hitting: LHB José Delgado 0-0: DOUBLE (Line Drive, 7LM)
Batting: LHB Ray Bryant 0-0: Called Strike
0-1: Fly out, F8 (Line Drive, 8RS)
Batting: SHB Glenn Vadnais 0-0: SINGLE (Groundball, 6MD)
José Delgado to third
Runner from 3rd tries for Home, SAFE, no throw
Pinch Runner at 1st Quinn Webb:
Batting: RHB Enrico Rodríguez 0-0: Ball
1-0: Ground out 4-3 (Groundball, 34D)
Bottom of the 8th over - 1 run(s), 2 hit(s), 0 error(s), 1 left on base; St Charles 6 - Pocatello 6
TOP OF THE 9TH
St Charles Sheens batting - Pitching for Pocatello Boccabellas : RHP Juan Álvarez
Pitching: RHP Sean Hart
Now at 2B: Juan Bruno
Now in LF: Leonard Harris
Now in RF: José Delgado
Pinch Hitting: LHB Juan Jose Rojas 0-0: Ball
1-0: Fly out, F6 (Popup, 6MD)
Batting: RHB Ben Dougherty 0-0: Foul Ball, location: 2F
0-1: Ball
1-1: SINGLE (Line Drive, 34D)
Batting: LHB Kyle Harrison 0-0: Called Strike
0-1: Swinging Strike
0-2: Ball
1-2: Foul Ball, location: 2F
1-2: Strikes out swinging
Batting: RHB Jesús Gonzáles 0-0: Ball
1-0: Fielders Choice at 2nd, 4-6 (Groundball, 4)
Top of the 9th over - 0 run(s), 1 hit(s), 0 error(s), 0 left on base; St Charles 6 - Pocatello 6
BOTTOM OF THE 9TH
Pocatello Boccabellas batting - Pitching for St Charles Sheens : LHP Ron Cummins
Now at 1B: Roberto Ybarra
Batting: RHB Tony Hernández 0-0: Called Strike
0-1: Ball
1-1: Fly out, F7 (Flyball, 78S)
Pinch Hitting: RHB Robert Marks 0-0: Ground out 6-3 (Groundball, 6)
Batting: SHB Nick Cox 0-0: Called Strike
0-1: Swinging Strike
0-2: Strikes out looking
Bottom of the 9th over - 0 run(s), 0 hit(s), 0 error(s), 0 left on base; St Charles 6 - Pocatello 6
TOP OF THE 10TH
St Charles Sheens batting - Pitching for Pocatello Boccabellas : RHP Sean Hart
Now in RF: Pedro Camacho
Pinch Hitting: RHB Bill Little 0-0: Called Strike
0-1: Called Strike
0-2: Foul Ball, location: 2F
0-2: Strikes out swinging
Batting: LHB Jason Lambert 0-0: Foul Ball, location: 2F
0-1: Ball
1-1: Foul Ball, location: 2F
1-2: Ball
2-2: Ball
3-2: Foul Ball, location: 2F
3-2: Ground out 6-3 (Groundball, 6)
Batting: RHB Clint Younger 0-0: Ball
1-0: Fly out, F9 (Flyball, 89D)
Top of the 10th over - 0 run(s), 0 hit(s), 0 error(s), 0 left on base; St Charles 6 - Pocatello 6
BOTTOM OF THE 10TH
Pocatello Boccabellas batting - Pitching for St Charles Sheens : LHP Ron Cummins
Now at C: Bill Little
Batting: LHB Jim Jensen 0-0: Ground out 6-3 (Groundball, 6)
Batting: RHB Leonard Harris 0-0: Swinging Strike
0-1: Called Strike
0-2: Strikes out swinging
Pitching: LHP Paul Adams
Batting: LHB José Delgado 0-0: Ball
1-0: Ball
2-0: Ball
3-0: Base on Balls
Batting: LHB Ray Bryant 0-0: Ball
Throwing error on steal attempt, E2
José Delgado to third
1-0: Ball
2-0: Foul Ball, location: 2F
2-1: Called Strike
2-2: Strikes out swinging passed ball, reaches first!
José Delgado scores
Tuesday, August 8th, 2017 - OOTP Baseball 17.12 Build 75